[Event "*** Titled Tuesday Blitz"]
[Site "Chess.com"]
[Date "2021.02.16"]
[Round "2"]
[White "Dii210"]
[Black "cstevens1"]
[Result "1-0"]
[WhiteElo "2374"]
[BlackElo "2641"]
[TimeControl "180+1"]
[EndTime "10:23:23 PST"]
[Termination "Dii210 won by resignation"]

1. Nf3 d5 2. e3 c6 3. d4 Nf6 4.
c4 Bf5 5. Nc3 e6 6. Be2 h6 7.
O-O Nbd7 8. b3 Bd6 9. Bb2 Qe7 10. Bd3 Bxd3 11. Qxd3 Ba3 12. Bxa3 Qxa3 13. c5 Qa5 14. Rab1 Qc7 15. e4 dxe4 16. Nxe4 Nxe4 17.
Qxe4 Nf6 18. Qe2 O-O 19. Ne5 Nd5 20. b4 Nc3 21. Qc2 Nxb1 22. Rxb1 Rfd8 23. Nf3 Rd5 24. a4 b6 25. Qc4 a5 26. bxa5 bxc5 27. a6 Qa7 28.
Qd3 g6 29. Qe3 Kg7 30. dxc5 Qxc5 31. Qe2 Qa5 32. Qb2+ e5 33. g3 Rxa6 34. Nxe5 Rxe5 35. f4 Qc5+ 36. Kg2 Qd5+ 37. Kf2 Rxa4 38. Qxe5+ Qxe5 39. fxe5 Ra2+ 40. Kf3 Rxh2 41. Rc1 Kf8 42. Rxc6 Ke7 43. Ra6 Rb2 44. Kf4 Rb4+ 45. Kf3 h5 46. Ke3 Rg4 47. Kf3 Rd4 48. Rb6 Rd1 49. Kf4 Re1 50. Rb7+ Kf8 51. Rb8+ Kg7 52. Rb7 Re2 53. Ra7 Re1 54. Rb7 Kf8 55. Ra7 Ke8 56. Ra8+ Ke7 57. Ra7+ Ke6 58. Ra6+ Kd5 59. Ra5+ Kd4 60. Ra4+ Kd3 61.
Ra3+ Kd2 62. Ra2+ Kc3 63. Ra3+ Kb4 64. Ra7 Rf1+ 65. Ke4 Kc5 66. Rc7+ Kb6 67. Re7 Kc6 68. Ra7 Re1+ 69. Kf4 Rf1+ 70. Ke4 Kb6 71. Re7 Kc5 72. Rc7+ Kb5 73. Rb7+ Kc4 74. Rc7+ Kb3 75. Rc6 Rf2 76.
Rc7 Kb2 77. Rb7+ Ka3 78. Re7 Kb4 79. Rb7+ Kc5 80. Rc7+ Kb6 81. Rd7 Kc6 82. Ra7 Rf1 83. Re7 h4 84. gxh4 Re1+ 85. Kf4 Rf1+ 86. Kg5 Kd5 87.
e6 Rf5+ 88. Kh6 Rh5+ 89. Kg7 fxe6 90. Kf6 Rxh4 91. Kg5 Re4 92. Kxg6 Rf4 93. Kg5 Rf1 94.
Rd7+ Ke5 95. Re7 Kd5 96. Rd7+ Ke4 97. Re7 e5 98. Kg4 Kd4 99. Kg3 Rf8 100. Rd7+ Ke3 101. Ra7 e4 102. Ra3+ Kd2 103. Ra2+ Kc3 104. Ra3+ Kd4 105. Ra4+ Kd3 106. Ra3+ Kd2 107. Ra2+ Kc1 108. Ra1+ Kb2 109. Re1 Re8 110. Kf4 Kc3 111. Rxe4 Rf8+ 112. Ke3 Kb3 113. Re7 Kc3 114. Rc7+ Kb4 115. Kd4 Kb5 116. Kd5 Kb6 117. Rc6+ Kb7 118. Rh6 Rf1 119. Rh7+ Kb6 120. Rh6+ Kb5 121. Rh5 Rd1+ 122. Ke4+ Kb4 123. Rh8 Re1+ 124. Kd3 Rg1 125. Ke2 Kc5 126. Rh5+ Kd6 127. Rh4 Ke6 128. Re4+ Kd5 129. Re3 Rg2+ 130. Kf3 Ra2 131. Rd3+ Ke5 132. Re3+ Kf5 133. Rb3 Ra5 134. Rc3 Rd5 135. Rb3 Rc5 136. Rd3 Ke5 137. Ra3 Rb5 138. Re3+ Kd4 139. Re4+ Kd3 140. Re3+ Kd2 141. Re2+ Kd1 142. Re3 Rf5+ 143. Ke4 Rf8 144. Rf3 Kd2 145. Rxf8 1-0

[Event "*** Titled Tuesday Blitz"]
[Site "Chess.com"]
[Date "2021.02.16"]
[Round "3"]
[White "sakkikuska"]
[Black "Vanina1989"]
[Result "0-1"]
[WhiteElo "2481"]
[BlackElo "2733"]
[TimeControl "180+1"]
[EndTime "10:25:04 PST"]
[Termination "Vanina1989 won by resignation"]

1. e4 c6 2. d4 d5 3. Nc3 dxe4 4.
Nxe4 Nf6 5. Nxf6+ exf6 6. c3 Bd6 7. Bd3 O-O 8. Ne2 Re8 9. Qc2 h5 10. Be3 Nd7 11. O-O-O Nf8 12. h3 Be6 13. Kb1 Qa5 14.
b3 Ng6 15. Bxg6 fxg6 16. Qxg6 Bf5+ 0-1

[Event "*** Titled Tuesday Blitz"]
[Site "Chess.com"]
[Date "2021.02.16"]
[Round "3"]
[White "Kapibara_Warri0r"]
[Black "Piotrek1979"]
[Result "0-1"]
[WhiteElo "2168"]
[BlackElo "2417"]
[TimeControl "180+1"]
[EndTime "10:26:07 PST"]
[Termination "Piotrek1979 won by resignation"]

1. e4 c5 2. Nf3 Nc6 3. d4 cxd4 4. Nxd4 g6 5. Nc3 Bg7 6. Be3 Nf6 7. Qd2 O-O 8. h4 d5 9. Nxc6 bxc6 10. e5 Ng4 11. f4 Nxe3 12. Qxe3 d4 0-1

[Event "*** Titled Tuesday Blitz"]
[Site "Chess.com"]
[Date "2021.02.16"]
[Round "3"]
[White "Borsuk_Konstantin"]
[Black "Pikachess999"]
[Result "1-0"]
[WhiteElo "2676"]
[BlackElo "2347"]
[TimeControl "180+1"]
[EndTime "10:26:12 PST"]
[Termination "Borsuk_Konstantin won by resignation"]

1. d4 d5 2. c4 c6 3. Nc3 Nf6 4.
e3 Bf5 5. Qb3 Bc8 6. f4 e6 7.
Nf3 Nfd7 8. f5 dxc4 9. Bxc4 Nb6 10. fxe6 Nxc4 11. exf7+ Ke7 12. Qxc4 Be6 13. Qd3 Kxf7 14. O-O Kg8 15. e4 h6 16. d5 Bc5+ 17. Kh1 Na6 18.
Qc4 Bf7 19. Ne5 1-0

[Event "*** Titled Tuesday Blitz"]
[Site "Chess.com"]
[Date "2021.02.16"]
[Round "3"]
[White "chessdjw"]
[Black "Aslanov_Umid"]
[Result "1-0"]
[WhiteElo "2710"]
[BlackElo "2345"]
[TimeControl "180+1"]
[EndTime "10:26:19 PST"]
[Termination "chessdjw won by resignation"]

1. e4 c5 2. Nf3 d6 3. Bb5+ Bd7 4. c4 a6 5. Bxd7+ Qxd7 6. d4 cxd4 7. Nxd4 Nc6 8. Nc3 g6 9. O-O Bg7 10. Be3 Nf6 11. f3 O-O 12. Qd2 Rac8 13. b3 Qc7 14.
Rac1 Nxd4 15. Bxd4 Qa5 16. Rfd1 b5 17. Nd5 Qxd2 18.
Nxe7+ Kh8 19. Rxd2 Rc7 20. Bxf6 Bxf6 21. Nd5 Bg5 22. f4 1-0

[Event "*** Titled Tuesday Blitz"]
[Site "Chess.com"]
[Date "2021.02.16"]
[Round "3"]
[White "MoreChessJulia"]
[Black "ChainsOfFantasia"]
[Result "0-1"]
[WhiteElo "2145"]
[BlackElo "2482"]
[TimeControl "180+1"]
[EndTime "10:26:24 PST"]
[Termination "ChainsOfFantasia won by resignation"]

1. d4 Nf6 2. Nf3 d5 3. g3 e6 4. Bg2 Be7 5. O-O O-O 6. c4 dxc4 7. Ne5 c5 8. dxc5 Qc7 9. Nxc4 Rd8 10. Qb3 Nc6 11. Bf4 e5 12. Bg5 Nd4 13. Qd1 Bf5 14.
Nba3 Nf3+ 15. Bxf3 Rxd1 16. Rfxd1 Bxc5 17. Bxf6 gxf6 18. e3 a6 19. Rac1 Rd8 20. Rxd8+ Qxd8 21. b3 b5 22.
Nxe5 Bxa3 0-1

[Event "*** Titled Tuesday Blitz"]
[Site "Chess.com"]
[Date "2021.02.16"]
[Round "3"]
[White "Cambek64"]
[Black "PawnEatingZombie"]
[Result "1-0"]
[WhiteElo "2354"]
[BlackElo "2136"]
[TimeControl "180+1"]
[EndTime "10:26:24 PST"]
[Termination "Cambek64 won by resignation"]

1. e4 c6 2. d4 d5 3. Nc3 dxe4 4. Nxe4 Bf5 5. Ng3 Bg6 6. Nf3 Nd7 7. h4 h6 8. h5 Bh7 9. Bd3 Bxd3 10. Qxd3 e6 11. Bf4 Qa5+ 12. Bd2 Bb4 13. c3 Be7 14. c4 Qc7 15.
O-O-O Ngf6 16. Kb1 b5 17. Rc1 bxc4 18. Qxc4 Rc8 19.
Bb4 c5 20. dxc5 Bxc5 21. Bxc5 Qxc5 22. Qa4 1-0

[Event "*** Titled Tuesday Blitz"]
[Site "Chess.com"]
[Date "2021.02.16"]
[Round "3"]
[White "The_Machine04"]
[Black "AlexTriapishko"]
[Result "0-1"]
[WhiteElo "2446"]
[BlackElo "2827"]
[TimeControl "180+1"]
[EndTime "10:26:39 PST"]
[Termination "AlexTriapishko won by checkmate"]

1. d4 Nf6 2. Bg5 g6 3. Bxf6 exf6 4. g3 d5 5. Bg2 c6 6. e3 h5 7. h4 Bd6 8. Ne2 O-O 9. b3 Bg4 10. O-O g5 11. c4 gxh4 12. gxh4 f5 13. f3 Qxh4 14. Nf4 Bxf4 15. exf4 Bh3 16. Bxh3 Qxh3 17. Qc2 Kh8 18. Qh2 Rg8+ 19. Kh1 Qxf1+ 20. Qg1 Qxg1# 0-1

[Event "*** Titled Tuesday Blitz"]
[Site "Chess.com"]
[Date "2021.02.16"]
[Round "3"]
[White "BigAl"]
[Black "Doudou2015"]
[Result "1-0"]
[WhiteElo "2471"]
[BlackElo "2063"]
[TimeControl "180+1"]
[EndTime "10:26:39 PST"]
[Termination "BigAl won by resignation"]

1. Nf3 d5 2. g3 c5 3. Bg2 Nc6 4. O-O Bg4 5. d3 Bxf3 6. Bxf3 e6 7. c4 Nf6 8. cxd5 exd5 9. Nc3 h6 10. Qb3 Nd4 11.
Qxb7 Nxf3+ 12. exf3 Be7 13. Re1 d4 14. Rxe7+ Qxe7 15. Qxa8+ Kd7 16. Qxa7+ Ke6 17. Qxe7+ Kxe7 18. Ne4 c4 19.
Nxf6 Kxf6 20. dxc4 d3 21. Bd2 Rc8 1-0

[Event "*** Titled Tuesday Blitz"]
[Site "Chess.com"]
[Date "2021.02.16"]
[Round "3"]
[White "MarcoRiehle"]
[Black "jens1102"]
[Result "1-0"]
[WhiteElo "2697"]
[BlackElo "2430"]
[TimeControl "180+1"]
[EndTime "10:26:43 PST"]
[Termination "MarcoRiehle won by resignation"]

1. e4 e5 2. Nf3 Nc6 3. Bc4 Bc5 4. O-O Nf6 5. d4 Bxd4 6. Nxd4 Nxd4 7. Bg5 d6 8. f4 Be6 9. Na3 c6 10. c3 Bxc4 11. Nxc4 b5 12. fxe5 dxe5 13. Nxe5 Ne6 14. Qxd8+ Rxd8 15. Bxf6 gxf6 16. Rxf6 O-O 17. Raf1 Rd2 18.
Nxf7 Rxb2 19. Nh6+ Kg7 20. Rxe6 Rxf1+ 21. Kxf1 Rxa2 22. Nf5+ Kf7 23. Rxc6 a5 24. e5 b4 25. e6+ Kf6 26. e7+ Kf7 27. Rc8 1-0

[Event "*** Titled Tuesday Blitz"]
[Site "Chess.com"]
[Date "2021.02.16"]
[Round "3"]
[White "dosto07"]
[Black "PotapovaM"]
[Result "1/2-1/2"]
[WhiteElo "2412"]
[BlackElo "2603"]
[TimeControl "180+1"]
[EndTime "10:26:46 PST"]
[Termination "Game drawn by repetition"]

1. e4 c5 2. Nf3 d6 3. Bb5+ Nd7 4. O-O a6 5. Bxd7+ Bxd7 6. d4 cxd4 7. Qxd4 e5 8. Qd3 h6 9. Nc3 Nf6 10. a4 Be7 11.
Rd1 O-O 12. Nd2 Rc8 13. Nf1 Be6 14. Ne3 Qc7 15. a5 b5 16. axb6 Qxb6 17. Rxa6 Qb7 18. Ra5 Qb6 19. Ra6 Qb7 20. Ra5 Qb6 21. Ra6 1/2-1/2

[Event "*** Titled Tuesday Blitz"]
[Site "Chess.com"]
[Date "2021.02.16"]
[Round "3"]
[White "rychessmaster1"]
[Black "Lady_Nika"]
[Result "0-1"]
[WhiteElo "2544"]
[BlackElo "2387"]
[TimeControl "180+1"]
[EndTime "10:26:49 PST"]
[Termination "Lady_Nika won by resignation"]

1. d4 d5 2. Nc3 f5 3. Nf3 e6 4.
Bg5 Be7 5. Bxe7 Qxe7 6. e3 Nf6 7. Ne5 Nbd7 8. f4 Nxe5 9. fxe5 Ne4 10. Nxe4 fxe4 11.
Qg4 O-O 12. O-O-O c5 13. Be2 cxd4 14. exd4 Bd7 15. Rhf1 a6 16. c3 b5 17. Qh3 Rac8 18. Kb1 a5 19. Rxf8+ Rxf8 20. Rc1 Rf2 21. Bf1 Qf7 22.
Qh4 Rxf1 23. Qd8+ Be8 24. Rxf1 Qxf1+ 25. Kc2 Qd3+ 26. Kb3 Qd1+ 0-1

[Event "*** Titled Tuesday Blitz"]
[Site "Chess.com"]
[Date "2021.02.16"]
[Round "3"]
[White "Chopper1905"]
[Black "Szparu"]
[Result "1-0"]
[WhiteElo "2940"]
[BlackElo "2662"]
[TimeControl "180+1"]
[EndTime "10:26:54 PST"]
[Termination "Chopper1905 won by resignation"]

1. d4 Nf6 2. Nf3 g6 3. c4 Bg7 4. g3 O-O 5. Bg2 d6 6. O-O Nc6 7. Nc3 e5 8. dxe5 Nxe5 9. b3 Nxf3+ 10. exf3 d5 11. Ba3 Re8 12. cxd5 Nxd5 13. Nxd5 Bxa1 14.
Ne7+ 1-0

[Event "*** Titled Tuesday Blitz"]
[Site "Chess.com"]
[Date "2021.02.16"]
[Round "3"]
[White "lelya96"]
[Black "Taran2004"]
[Result "0-1"]
[WhiteElo "2233"]
[BlackElo "2413"]
[TimeControl "180+1"]
[EndTime "10:26:58 PST"]
[Termination "Taran2004 won by resignation"]

1. c4 Nf6 2. Nc3 g6 3. g3 Bg7 4. Bg2 O-O 5. e4 d6 6. Nge2 c5 7. O-O Nc6 8. d4 cxd4 9. Nxd4 Nxd4 10. Qxd4 Be6 11. Rd1 Rc8 12. Bf1 Qc7 13. Nb5 Qc5 14.
Qxc5 Rxc5 15. Be3 Rcc8 16. Nxa7 Ra8 17. f3 Nd7 18. Rd2 Ne5 19. Kg2 Bxc4 20. Rc1 Bxf1+ 21.
Kxf1 Nxf3 22. Rdc2 Bd4 23. Bxd4 Nxd4 24. Rc4 Nf3 25.
Nb5 Nd2+ 0-1

[Event "*** Titled Tuesday Blitz"]
[Site "Chess.com"]
[Date "2021.02.16"]
[Round "3"]
[White "gross-aleks"]
[Black "paulrusan"]
[Result "1-0"]
[WhiteElo "2574"]
[BlackElo "2255"]
[TimeControl "180+1"]
[EndTime "10:27:11 PST"]
[Termination "gross-aleks won by resignation"]

1. c4 Nf6 2. Nf3 g6 3. e3 Bg7 4. Nc3 d6 5. d4 O-O 6. Be2 Nbd7 7. O-O e5 8. b4 Re8 9. Bb2 e4 10. Nd2 c6 11. Qb3 Nb6 12. a4 d5 13. b5 Be6 14. a5 Nbd7 15. Ba3 Rc8 16. a6 b6 17. bxc6 Nb8 18. cxd5 Nxd5 19. Nxd5 Bxd5 20. Bc4 Bxc4 21.
Nxc4 Nxc6 22. Nd6 Na5 23. Qxf7+ Kh8 24. Qxe8+ Qxe8 25. Nxe8 Rxe8 26. Rac1 h5 27. Bb4 Re7 28. Bxe7 1-0

[Event "*** Titled Tuesday Blitz"]
[Site "Chess.com"]
[Date "2021.02.16"]
[Round "3"]
[White "CroissantNeuf"]
[Black "Gabrielian_Artur"]
[Result "1-0"]
[WhiteElo "2478"]
[BlackElo "2797"]
[TimeControl "180+1"]
[EndTime "10:27:17 PST"]
[Termination "CroissantNeuf won by resignation"]

1. e4 e5 2. Nf3 Nc6 3. Nc3 Nf6 4. d4 exd4 5. Nxd4 Bb4 6. Nxc6 bxc6 7. Bd3 O-O 8. O-O Re8 9. Bg5 h6 10. Bh4 d6 11. f4 Rb8 12. Kh1 Bc5 13. e5 dxe5 14. fxe5 Rxe5 15. Bh7+ Kxh7 16. Qxd8 Ng4 17. Qxc7 1-0

[Event "*** Titled Tuesday Blitz"]
[Site "Chess.com"]
[Date "2021.02.16"]
[Round "3"]
[White "PavelShkapenko"]
[Black "CraiggoryC"]
[Result "1-0"]
[WhiteElo "2697"]
[BlackElo "2232"]
[TimeControl "180+1"]
[EndTime "10:27:23 PST"]
[Termination "PavelShkapenko won by resignation"]

1. e4 e6 2. d4 d5 3. exd5 exd5 4. Nf3 Bd6 5. c4 Nf6 6. Nc3 O-O 7. cxd5 Nbd7 8.
Be2 h6 9. O-O Nb6 10. Ne5 Nfxd5 11. Bf3 Nxc3 12. bxc3 Bxe5 13. dxe5 Qxd1 14. Rxd1 c6 15. Ba3 Re8 16. Bd6 Bf5 17. Rd4 g5 18. h4 Kg7 19. Bg4 Kg6 20. h5+ 1-0

[Event "*** Titled Tuesday Blitz"]
[Site "Chess.com"]
[Date "2021.02.16"]
[Round "3"]
[White "Alexander_Moskalenko"]
[Black "Skillcam"]
[Result "1-0"]
[WhiteElo "2770"]
[BlackElo "2505"]
[TimeControl "180+1"]
[EndTime "10:27:23 PST"]
[Termination "Alexander_Moskalenko won by resignation"]

1. e4 c5 2. f4 d5 3. exd5 Qxd5 4. Nc3 Qd8 5. Nf3 Nf6 6. Bc4 Nc6 7. O-O e6 8. d3 Be7 9. Bb3 O-O 10. Ne4 b6 11. c3 Bb7 12. Bc2 Qc7 13. Qe2 Rfd8 14. Bd2 Nd5 15.
Rae1 Re8 16. Bc1 Rad8 17. Nfg5 h6 18. Nxf7 Kxf7 19. f5 e5 20. Bxh6 gxh6 21. Qh5+ Kg7 22. Qg6+ Kh8 23. Qxh6+ Kg8 24. f6 Bxf6 25. Nxf6+ Nxf6 26. Rxf6 Re7 27. Bb3+ 1-0

[Event "*** Titled Tuesday Blitz"]
[Site "Chess.com"]
[Date "2021.02.16"]
[Round "3"]
[White "abeljusto"]
[Black "ChelsieMonica"]
[Result "0-1"]
[WhiteElo "2036"]
[BlackElo "2317"]
[TimeControl "180+1"]
[EndTime "10:27:32 PST"]
[Termination "ChelsieMonica won by resignation"]

1. d4 Nf6 2. Bf4 d6 3. Nc3 c6 4. e4 g6 5. Qd2 Bg7 6. Bh6 O-O 7. h4 Qa5 8. h5 Nxh5 9. Bxg7 Kxg7 10. Be2 Rh8 11.
g4 Nf6 12. Qh6+ Kg8 13. f3 b5 14. Kf2 b4 15. Nd1 Ba6 16. Bxa6 Nxa6 17. Ne3 Nc7 18. Nh3 Ne6 19. Rad1 Qxa2 20. d5 cxd5 21. exd5 Ng7 22. b3 Rc8 23. Ra1 Qb2 24. Rxa7 Qd4 25. Rc1 Qxa7 0-1

[Event "*** Titled Tuesday Blitz"]
[Site "Chess.com"]
[Date "2021.02.16"]
[Round "3"]
[White "Tenamu"]
[Black "ENajer77"]
[Result "0-1"]
[WhiteElo "2409"]
[BlackElo "2619"]
[TimeControl "180+1"]
[EndTime "10:27:33 PST"]
[Termination "ENajer77 won by resignation"]

1. e4 c6 2. d4 d5 3. exd5 cxd5 4. Nc3 Nc6 5. Bf4 a6 6. Nce2 Bg4 7. f3 Bd7 8. c3 f6 9. Bg3 e5 10. dxe5 fxe5 11.
Qxd5 Nf6 12. Qb3 Bc5 13. Bf2 Bxf2+ 14. Kxf2 Qe7 15. Rd1 O-O-O 16. Ng3 Be6 17. Rxd8+ Rxd8 18. Qc2 Qc5+ 19. Ke1 Nb4 20. Qf2 Rd1+ 0-1

[Event "*** Titled Tuesday Blitz"]
[Site "Chess.com"]
[Date "2021.02.16"]
[Round "3"]
[White "PavelChernomordik"]
[Black "RaneshRatnesan"]
[Result "1-0"]
[WhiteElo "2372"]
[BlackElo "2191"]
[TimeControl "180+1"]
[EndTime "10:27:42 PST"]
[Termination "PavelChernomordik won by resignation"]

1. e4 c5 2. Nc3 a6 3. g3 b5 4. Bg2 Bb7 5. d3 e6 6. Qe2 Nc6 7. f4 Be7 8. Nf3 d5 9. O-O d4 10. Nd1 Nf6 11. Nf2 h5 12. e5 Nd5 13. Ne4 f6 14. exf6 gxf6 15. Bh3 Nc7 16. Nh4 Qd5 17. Ng6 Rh7 18. Nxe7 Kxe7 19. Bg2 Qf5 20. Bd2 Rg8 21. h3 Kf7 22. Nd6+ 1-0

[Event "*** Titled Tuesday Blitz"]
[Site "Chess.com"]
[Date "2021.02.16"]
[Round "3"]
[White "FMOlexandrProhorov"]
[Black "GM_LOADING"]
[Result "0-1"]
[WhiteElo "2101"]
[BlackElo "2473"]
[TimeControl "180+1"]
[EndTime "10:27:50 PST"]
[Termination "GM_LOADING won by resignation"]

1. d4 Nf6 2. c4 e6 3. Nc3 Bb4 4.
f3 c5 5. d5 exd5 6. cxd5 d6 7.
e4 O-O 8. Bd3 a6 9. Ne2 Nbd7 10.
O-O Re8 11. Ng3 Nf8 12. f4 Ng6 13. Bd2 b5 14. a3 Ba5 15. Rb1 c4 16. Bc2 Ng4 17.
Qe2 Bb6+ 18. Kh1 Qh4 19. h3 Qxg3 0-1

[Event "*** Titled Tuesday Blitz"]
[Site "Chess.com"]
[Date "2021.02.16"]
[Round "3"]
[White "Srisshhhtea"]
[Black "XDPS"]
[Result "0-1"]
[WhiteElo "2439"]
[BlackElo "2741"]
[TimeControl "180+1"]
[EndTime "10:28:01 PST"]
[Termination "XDPS won by resignation"]

1. d4 d5 2. c4 e6 3. Nf3 a6 4. cxd5 exd5 5. Nc3 Nf6 6. Bg5 Be6 7. Bxf6 Qxf6 8. Qb3 Ra7 9. g3 Qd8 10. Bg2 Be7 11.
O-O O-O 12. Rac1 c6 13. Rfd1 Nd7 14. Qc2 Ra8 15. e4 dxe4 16. Nxe4 Bd5 17. Ne5 Nf6 18. Nc5 Bxg2 19. Kxg2 Qd5+ 20. Kg1 Bxc5 21. Qxc5 Qxa2 22. Qb6 Rab8 23. Rc5 Nd5 24. Qa7 Qxb2 25. Nd7 Ra8 26. Nxf8 Rxa7 0-1

[Event "*** Titled Tuesday Blitz"]
[Site "Chess.com"]
[Date "2021.02.16"]
[Round "3"]
[White "maxip32"]
[Black "BJthechessgod"]
[Result "1-0"]
[WhiteElo "2507"]
[BlackElo "2283"]
[TimeControl "180+1"]
[EndTime "10:28:03 PST"]
[Termination "maxip32 won by resignation"]

1. e4 c5 2. Nf3 Nc6 3. d4 cxd4 4. Nxd4 e6 5. Nc3 Qc7 6. g3 a6 7. Bg2 Nf6 8. O-O Bc5 9. Nb3 Ba7 10. Qe2 O-O 11. Be3 d6 12. Bxa7 Rxa7 13. a4 b6 14. f4 Bb7 15. g4 h6 16. h4 Ne7 17. g5 hxg5 18. hxg5 Nd7 19. Rad1 Nc5 20. Nd4 e5 21. Nf5 Nxf5 22. exf5 Bxg2 23. Qxg2 exf4 24. Nd5 Qd7 25. Nf6+ gxf6 26. gxf6+ 1-0

[Event "*** Titled Tuesday Blitz"]
[Site "Chess.com"]
[Date "2021.02.16"]
[Round "3"]
[White "SimplyDevina"]
[Black "Nbk90"]
[Result "0-1"]
[WhiteElo "2228"]
[BlackElo "2566"]
[TimeControl "180+1"]
[EndTime "10:28:05 PST"]
[Termination "Nbk90 won by resignation"]

1. d4 d6 2. Nf3 g6 3. c4 Bg7 4. Nc3 Nf6 5. e4 O-O 6. Be2 e5 7. O-O Nc6 8. dxe5 dxe5 9. Bg5 h6 10. Bxf6 Bxf6 11. Qxd8 Bxd8 12. a3 Be6 13. b4 a5 14.
b5 Nd4 15. Nd2 Bg5 16. Rfd1 Rfd8 17. Ra2 Nxe2+ 18. Nxe2 Bxc4 19. Ng3 Bxa2 0-1

[Event "*** Titled Tuesday Blitz"]
[Site "Chess.com"]
[Date "2021.02.16"]
[Round "3"]
[White "Genghis_K"]
[Black "guillembaches"]
[Result "1-0"]
[WhiteElo "2899"]
[BlackElo "2463"]
[TimeControl "180+1"]
[EndTime "10:28:08 PST"]
[Termination "Genghis_K won by resignation"]

1. d4 Nf6 2. c4 e6 3. Nc3 Bb4 4. Qc2 O-O 5. e4 d5 6. e5 Ne4 7. Bd3 c5 8. Nf3 Bxc3+ 9. bxc3 cxd4 10. cxd4 Qa5+ 11. Kf1 f5 12. exf6 Rxf6 13. cxd5 Nd6 14. Bxh7+ Kh8 15. Bg5 Rf8 16. Be7 Re8 17. Bxd6 Qa6+ 18.
Qd3 Qxd6 19. Ne5 1-0

[Event "*** Titled Tuesday Blitz"]
[Site "Chess.com"]
[Date "2021.02.16"]
[Round "3"]
[White "exoticprincess"]
[Black "Rakesh"]
[Result "1-0"]
[WhiteElo "2911"]
[BlackElo "2530"]
[TimeControl "180+1"]
[EndTime "10:28:13 PST"]
[Termination "exoticprincess won by resignation"]

1. d4 Nf6 2. Nc3 d5 3. Bf4 g6 4. Qd2 Bg7 5. Bh6 O-O 6. Bxg7 Kxg7 7. e3 c5 8. Nf3 cxd4 9. exd4 Nc6 10. Bb5 Bf5 11. O-O Rc8 12. Rfe1 Re8 13. Ne5 Ne4 14.
Nxe4 Nxe5 15. Bxe8 dxe4 16. Bb5 Qd5 17. Bf1 Nc4 18.
Bxc4 Rxc4 19. c3 e5 20. b3 Rc7 21. Rad1 Rd7 22. h3 h5 23. Qe3 b6 24. dxe5 Qxd1 25. Rxd1 Rxd1+ 26. Kh2 Rd5 27. Qf4 h4 28. c4 Ra5 29. a4 Rc5 30. Qxh4 Rxe5 31. Qf4 Re7 32. g4 Bc8 33. Qd6 Kf8 34. Qb8 Re8 35. Qxa7 e3 36.
fxe3 Rxe3 37. Qxb6 Re2+ 38. Kg3 Be6 39. a5 g5 40. a6 Rb2 41. a7 Bd5 42. cxd5 1-0

[Event "*** Titled Tuesday Blitz"]
[Site "Chess.com"]
[Date "2021.02.16"]
[Round "3"]
[White "Grammnik"]
[Black "bait_or_mate"]
[Result "0-1"]
[WhiteElo "2374"]
[BlackElo "2560"]
[TimeControl "180+1"]
[EndTime "10:28:16 PST"]
[Termination "bait_or_mate won by resignation"]

1. d4 Nf6 2. Nf3 d5 3. c4 e6 4. Nc3 a6 5. Bg5 dxc4 6. e4 b5 7. e5 h6 8. Bh4 g5 9. Nxg5 hxg5 10. Bxg5 Nbd7 11. exf6 Bb7 12. d5 Nc5 13. Be2 exd5 14. O-O Qd6 15. g3 O-O-O 16. Bf3 d4 17. Bxb7+ Kxb7 18. Ne2 Bh6 19. Bf4 Bxf4 20. Nxf4 Qxf6 21. a4 Nxa4 22. Rxa4 bxa4 23. Qxa4 Qc6 24. Qb4+ Qb5 25. Qe7 d3 26. Qxf7 d2 27. Ne6 d1=Q 28. Qxc7+ Ka8 29.
Nxd8 Qxd8 0-1

[Event "*** Titled Tuesday Blitz"]
[Site "Chess.com"]
[Date "2021.02.16"]
[Round "3"]
[White "julinha97"]
[Black "Hikaru"]
[Result "0-1"]
[WhiteElo "2264"]
[BlackElo "3201"]
[TimeControl "180+1"]
[EndTime "10:28:17 PST"]
[Termination "Hikaru won by resignation"]

1. e4 c6 2. d4 d5 3. e5 Bf5 4. h4 h5 5. Bd3 Bxd3 6. Qxd3 e6 7. Bg5 Qa5+ 8. Nd2 Qa6 9. c4 Nd7 10. Ngf3 Ne7 11. Qc3 dxc4 12. Nxc4 Nd5 13. Qb3 N7b6 14. Nxb6 axb6 15. a3 Be7 16. Bxe7 Nxe7 17. Rc1 Nf5 18. Qc4 Qxc4 19. Rxc4 b5 20. Rc1 Ra4 21. Rd1 Ke7 22. O-O Rd8 23. Rd2 Nxd4 24. Nxd4 Rdxd4 25. Rxd4 Rxd4 26. f4 c5 27. Kh2 g6 28. Kg3 Kd7 29. Rc1 Kc6 30. Rc2 Rd3+ 31. Kf2 c4 32. a4 Kc5 33. axb5 Kxb5 0-1

[Event "*** Titled Tuesday Blitz"]
[Site "Chess.com"]
[Date "2021.02.16"]
[Round "3"]
[White "BursaBBSatranc"]
[Black "A-Fier"]
[Result "0-1"]
[WhiteElo "2601"]
[BlackElo "2810"]
[TimeControl "180+1"]
[EndTime "10:28:22 PST"]
[Termination "A-Fier won by resignation"]

1. d4 Nf6 2. Nf3 e6 3. Bf4 c5 4. e3 Nc6 5. Nbd2 cxd4 6. exd4 d5 7. c3 Nh5 8. Bg3 g6 9. Bd3 Be7 10. Qe2 Bd7 11. Ne5 Nxe5 12. Bxe5 f6 13. Bg3 Rc8 14. O-O Nxg3 15. hxg3 O-O 16. f4 Bd6 17.
a4 a6 18. Nf3 Qc7 19. a5 Rce8 20. c4 dxc4 21. Bxc4 Kg7 22. b3 Bc6 23. Rfe1 Bb4 24. Red1 Bxa5 25. g4 Bb6 26. g5 Qxf4 27. gxf6+ Rxf6 0-1

[Event "*** Titled Tuesday Blitz"]
[Site "Chess.com"]
[Date "2021.02.16"]
[Round "3"]
[White "catzapto"]
[Black "AsaHoffmann"]
[Result "0-1"]
[WhiteElo "2107"]
[BlackElo "2341"]
[TimeControl "180+1"]
[EndTime "10:28:25 PST"]
[Termination "AsaHoffmann won by checkmate"]

1. e4 d6 2. Nf3 Bg4 3. Nc3 c6 4. Bc4 e6 5. d4 d5 6. exd5 cxd5 7. Bb5+ Nc6 8. h3 Bh5 9. g4 Bg6 10. Ne5 Rc8 11. Bf4 Bd6 12. Qd2 Nf6 13. f3 O-O 14.
Nxg6 hxg6 15. O-O-O Bb4 16. Qd3 Qa5 17. Bg5 Bxc3 18. bxc3 a6 19. Bxc6 Rxc6 20. Bd2 Qa3+ 21. Kb1 Rb6+ 22. Ka1 Qb2# 0-1

[Event "*** Titled Tuesday Blitz"]
[Site "Chess.com"]
[Date "2021.02.16"]
[Round "3"]
[White "ChessWarrior7197"]
[Black "xamax2000"]
[Result "1-0"]
[WhiteElo "2953"]
[BlackElo "2668"]
[TimeControl "180+1"]
[EndTime "10:28:26 PST"]
[Termination "ChessWarrior7197 won by resignation"]

1. c4 e6 2. g3 d5 3. Bg2 d4 4. Nf3 Nc6 5. O-O Nh6 6. d3 Nf5 7. b3 a5 8. Ba3 Bb4 9. Ne1 h5 10. h3 Bd7 11. Nc2 Qe7 12. Bb2 Bc5 13. Nd2 a4 14. Ne4 Bb6 15. Ba3 Qd8 16. b4 Nce7 17. b5 O-O 18. Nc5 c6 19. Nxb7 Qc7 20. Nc5 Bxc5 21.
Bxc5 cxb5 22. Bxe7 Nxe7 23. cxb5 Rad8 24. Nxd4 e5 25. Nc6 Bxc6 26. bxc6 a3 27. Qa4 Ra8 28.
Qh4 g6 29. Rab1 Nxc6 30. Rfc1 1-0

[Event "*** Titled Tuesday Blitz"]
[Site "Chess.com"]
[Date "2021.02.16"]
[Round "3"]
[White "Oleksandr_Bortnyk"]
[Black "AndrewMaco"]
[Result "1-0"]
[WhiteElo "2932"]
[BlackElo "2660"]
[TimeControl "180+1"]
[EndTime "10:28:27 PST"]
[Termination "Oleksandr_Bortnyk won by resignation"]

1. e4 c6 2. d4 d5 3. Nc3 dxe4 4.
Nxe4 Nf6 5. Nxf6+ exf6 6. Be3 Na6 7. c3 Nc7 8. Bd3 Nd5 9. Qc2 g6 10. O-O-O f5 11. Bd2 Bg7 12. h4 h5 13. Re1+ Be6 14.
Nh3 O-O 15. Ng5 Bd7 16. f3 Re8 17. Rxe8+ Bxe8 18. Re1 Bd7 19. c4 Nc7 20. g4 fxg4 21. Bxg6 fxg6 22. Qxg6 Qf6 23. Qh7+ Kf8 24. Bb4+ 1-0